 Dungeon Crawl Stone Soup version 0.27-a0-906-g0a00ce863d (webtiles) character file.

Game seed: 7206201925160166721

233 kae the Insei (level 5, -7/42 HPs)
             Began as a Demonspawn Gladiator on Apr 6, 2021.
             Killed by nerve-wracking pain
             ... invoked by Grinder
              (12 damage)
             ... on level 3 of the Dungeon.
             The game lasted 00:03:16 (5163 turns).

kae the Insei (Demonspawn Gladiator)                Turns: 5163, Time: 00:03:16

Health: -7/42      AC:  4    Str: 15    XL:     5   Next: 75%
Magic:  5/5        EV: 12    Int:  9    God:
Gold:   67         SH:  0    Dex: 15    Spells: 4/4 levels left

rFire    . . .     SeeInvis .     - Unarmed
rCold    . . .     Faith    .   (no shield)
rNeg     . . .     Spirit   .   a - +0 leather armour
rPois    .         Reflect  .   b - +0 helmet
rElec    .         Harm     .   (no cloak)
rCorr    .         Rampage  .   (no gloves)
Will     .....                  (no boots)
Stlth    +.........             (no amulet)
HPRegen  0.14/turn              (no ring)
MPRegen  0.18/turn              (no ring)

@: no status effects
A: claws 1, demonic guardian 1, magic regeneration
a: no special abilities


You were on level 3 of the Dungeon.
You visited 1 branch of the dungeon, and saw 4 of its levels.

You collected 109 gold pieces.
You spent 42 gold pieces at shops.

Inventory:

Missiles
 c - 3 throwing nets (quivered)
Armour
 a - a +0 leather armour (worn)
 b - a +0 helmet (worn)
Jewellery
 m - a +6 ring of intelligence
 o - a +6 ring of intelligence
Scrolls
 d - a scroll of amnesia
 e - 3 scrolls of identify
 h - a scroll of torment {unknown}
 j - a scroll of noise {unknown}
 p - 3 scrolls of teleportation {unknown}
Potions
 f - 2 potions of resistance {unknown}
 g - a potion of ambrosia {unknown}
 k - a potion of heal wounds {unknown}
 l - a potion of cancellation {unknown}
 n - 2 potions of degeneration {unknown}


   Skills:
 + Level 3.8 Fighting
 - Level 1.7 Throwing
 - Level 2.6 Dodging
 * Level 5.1 Unarmed Combat


You had 4 spell levels left.
You didn't know any spells.
Your spell library was empty.

Dungeon Overview and Level Annotations

Branches:
Dungeon (4/15)
 Temple: D:4-7

Altars:

Shops:
D:1 [(   D:2 (*![

Annotations:
D:3 Grinder
D:4 Sigmund


Innate Abilities, Weirdness & Mutations

You have sharp fingernails.
A weak demonic guardian rushes to your aid.
You regenerate magic rapidly.


Message History

A demonic guardian appears!
You writhe in agony.
You closely miss Grinder.
Grinder is lightly wounded.
Your quasit bites Grinder.
Your quasit barely misses Grinder.
Your quasit closely misses Grinder.
Grinder gestures at you. Pain shoots through your body!
Your quasit bites Grinder.
Your quasit misses Grinder.
Your quasit completely misses Grinder.
Your white imp hits Grinder.
Your white imp freezes Grinder.
Grinder completely resists.
Your quasit bites Grinder but does no damage.
Your quasit barely misses Grinder.
Your quasit claws Grinder.
There is a stone staircase leading up here.
Your quasit bites Grinder.
Your quasit claws Grinder but does no damage.
Your quasit barely misses Grinder.
Your white imp hits Grinder but does no damage.
Grinder gestures at you. Pain shoots through your body!
You climb upwards.
There is a stone staircase leading down here.
You closely miss Grinder. Your claw misses Grinder.
Grinder is moderately wounded.
You closely miss Grinder.
Grinder is moderately wounded.
Grinder hits you but does no damage.
You scratch Grinder.
Grinder is moderately wounded.
Grinder gestures at you. Pain shoots through your body!
* * * LOW HITPOINT WARNING * * *
You feel better. Grinder hits you.
* * * LOW HITPOINT WARNING * * *
You writhe in agony.
* * * LOW HITPOINT WARNING * * *
You barely miss Grinder.
Grinder is moderately wounded.
Grinder gestures at you. Pain shoots through your body!
You die...

#).............# #.........>
#..............# #..........
#..............# #..........
#..............####..........
##..............##...........
##...........#.##.##.....##.
##########...........#...##
####........[....^.#
###.5@...##.....>.....
#...##.#.##...........
#.####...##...........
######.# ###.............#
##...##.# #......#.......##
##.....#.# #.##.#..##..)....
#........####.##.##.##......#
#......)###...##.##..#.....##
#.......##..####.###.#.....##


You could see Grinder.

Vanquished Creatures
  2 orc priests
  An iguana (D:4)
  4 adders (D:2)
  2 worms (D:3)
  5 orcs
  9 bats
  5 endoplasms
  4 goblins
  5 hobgoblins
  6 jackals
  9 kobolds
  3 quokkas
  9 ball pythons
  2 frilled lizards (D:1)
  2 rats (D:3)
68 creatures vanquished.

Vanquished Creatures (collateral kills)
  An orc priest (D:3)
  2 orcs (D:3)
  An endoplasm (D:2)
  A goblin (D:1)
  2 hobgoblins (D:1)
  A kobold (D:2)
8 creatures vanquished.

Grand Total: 76 creatures vanquished

Notes
Turn   | Place    | Note
-------+----------+-------------------------------------------
     0 | D:1      | kae the Demonspawn Gladiator began the quest for the Orb.
     0 | D:1      | Reached XP level 1. HP: 16/16 MP: 1/1
   409 | D:1      | Reached skill level 3 in Unarmed Combat
   644 | D:1      | Gained mutation: A weak demonic guardian rushes to your
                  | aid. [demonic ancestry]
   644 | D:1      | Reached XP level 2. HP: 20/22 MP: 2/2
   879 | D:1      | Found Quxud's Antique Armour Shop.
  1303 | D:1      | Found Zodekke's Weapon Shoppe.
  1556 | D:1      | Gained mutation: You have sharp fingernails. [demonic
                  | ancestry]
  1556 | D:1      | Reached XP level 3. HP: 22/28 MP: 3/3
  2528 | D:2      | Reached skill level 4 in Unarmed Combat
  2528 | D:2      | Gained mutation: You regenerate magic rapidly. [demonic
                  | ancestry]
  2528 | D:2      | Reached XP level 4. HP: 29/34 MP: 4/4
  2597 | D:2      | Found Redy's Distillery.
  2645 | D:2      | Bought a potion of curing for 42 gold pieces
  2708 | D:2      | Found Lyaj's General Store.
  2825 | D:2      | Found Solog's Antique Weapon Shop.
  2880 | D:2      | Found Xaoxagge's Antique Armour Boutique.
  4011 | D:3      | Reached XP level 5. HP: 30/41 MP: 5/5
  4179 | D:3      | You fall into a shaft and drop 1 floor!
  4327 | D:4      | Noticed Sigmund
  4346 | D:3      | Reached skill level 5 in Unarmed Combat
  4918 | D:4      | Noticed Grinder
  4920 | D:4      | Paralysed by Grinder for 5 turns
  5161 | D:3      | HP: 1/42 [Grinder/nerve-wracking pain (14)]
  5163 | D:3      | Killed from afar by Grinder

Illustrated notes

Levels and vault maps discovered:
D:1:      sevenhm_arrival_forest_fort_small_3, layout_loops_corners,
          serial_shops, shop, shop_fountains, minmay_crystal_room,
          minmay_tetromino_t2
D:2:      layout_loops_ring, serial_shops, shop, shop_statue,
          nicolae_shop_trees, nicolae_shop_crystal
D:3:      layout_rooms
D:4:      layout_layer_cave, minmay_temple_entry_grid, uniq_grinder,
          uniq_natasha, uniq_sigmund, uniq_pikel

Skill      XL: |  1  2  3  4  5 |
---------------+----------------+-----
Unarmed Combat | 3 4 5 |  5.1
Fighting       | 3 |  3.8
Throwing       | |  1.7
Dodging        | |  2.6

Action                   |  1- 3 |  4- 6 || total
-------------------------+-------+-------++-------
Melee: Unarmed           |   129 |   123 ||   252
       Punch             |     6 |     2 ||     8
  Use: Scroll            |     2 |       ||     2
       Potion            |       |     1 ||     1
 Stab: Sleeping          |     1 |     2 ||     3
Armor: Leather armour    |    44 |    28 ||    72
Dodge: Dodged            |   100 |    65 ||   165

Table legend: (Time is in decaauts)
 A = Elapsed time spent in this place.
 B = Non-inter-level travel time spent in this place.
 C = Inter-level travel time spent in this place.
 D = Time resting spent in this place.
 E = Time spent auto-exploring this place.
 F = Levels seen in this place.
 G = Mean time per level.
                   A        B        C        D        E       F      G
               +--------+--------+--------+--------+--------+-----+--------+
         Total |   5152 |   5055 |     97 |   1468 |   3023 |   4 | 1288.0 |
       Dungeon |   5152 |   5055 |     97 |   1468 |   3023 |   4 | 1288.0 |
               +--------+--------+--------+--------+--------+-----+--------+

Top non-repeatable levels by time:
     D:1: 1940 daAuts
     D:2: 1924 daAuts
     D:3: 1101 daAuts
     D:4: 186 daAuts
